 Dungeon Crawl Stone Soup version 0.18.1-50-g88ac8fd (webtiles) character file.

8644 ringo67 the Cleaver (level 11, -4/101 HPs)
             Began as a Hill Orc Fighter on Nov 3, 2016.
             Was a High Priest of Kikubaaqudgha.
             Slain by an orc warrior
             ... wielding a +1 glaive of distortion
              (14 damage)
             ... on level 2 of the Orcish Mines.
             The game lasted 01:37:51 (15335 turns).

ringo67 the Cleaver (Hill Orc Fighter)             Turns: 15335, Time: 01:37:52

Health: -4/101     AC: 16    Str: 22    XL:     11   Next: 34%
Magic:  11/11      EV:  5    Int:  9    God:    Kikubaaqudgha [*****.]
Gold:   585        SH: 15    Dex: 10    Spells: 0 memorised, 10 levels left

rFire  . . .     SeeInvis .     N - +1 war axe (pain)
rCold  . . .     Gourm    .     O - +0 plate armour
rNeg   + . .     Faith    +     b - +4 shield of Defence {Stlth+}
rPois  .         Spirit   .     (no helmet)
rElec  .         Dismiss  .     (no cloak)
rCorr  .         Reflect  .     o - +1 pair of gloves
SustAt .         Harm     .     a - +0 pair of boots
MR     .....                    D - amulet of faith
Stlth  ..........               T - ring of stealth
                                l - ring of positive energy

@: drained, not resistant to hostile enchantments, extremely unstealthy
A: no striking features
a: Receive Corpses, Torment, Renounce Religion, Convert to Beogh


You were on level 2 of the Orcish Mines.
You worshipped Kikubaaqudgha.
Kikubaaqudgha was extremely pleased with you.
You were not hungry.

You visited 3 branches of the dungeon, and saw 13 of its levels.
You also visited: Sewer and Bailey.

You collected 585 gold pieces.

Inventory:

Hand Weapons
 H - a +2 morningstar of freezing
 N - a +1 war axe of pain (weapon)
 R - a +4 war axe
Missiles
 y - 176 stones
 G - 57 sling bullets
 U - 4 tomahawks (quivered)
Armour
 a - a +0 pair of boots (worn)
 b - the +4 shield of Defence (worn) {Stlth+}
   (You took it off an orc on level 6 of the Dungeon)

   It makes you more stealthy.
 o - a +1 pair of gloves (worn)
 O - a +0 plate armour (worn)
Jewellery
 l - a ring of positive energy (left hand)
 D - an amulet of faith (around neck)
 K - an uncursed ring of flight
 T - a ring of stealth (right hand)
Wands
 L - a wand of flame (48/48)
 P - a wand of paralysis (2/24)
Scrolls
 j - 3 scrolls of remove curse
 k - 4 scrolls of enchant weapon
 m - 6 scrolls of identify
 n - 2 scrolls of fog
 p - a scroll of amnesia {unknown}
 s - 3 scrolls of enchant armour
 v - a scroll of random uselessness {unknown}
 C - a scroll of magic mapping
 E - a scroll of blinking
 F - a scroll of recharging
 S - a scroll of summoning {unknown}
Potions
 g - 4 potions of flight
 q - a potion of berserk rage {unknown}
 t - a potion of haste {unknown}
 w - 2 potions of heal wounds {unknown}
 x - a potion of experience {unknown}
 A - a potion of curing
 B - 2 potions of magic {unknown}
 I - 3 potions of degeneration
 J - 3 potions of mutation
 M - 4 potions of agility
 Q - a potion of brilliance {unknown}
 V - 2 potions of resistance
 W - a potion of lignification {unknown}
Books
 c - Kikubaaqudgha's Collected Works on Stolen Souls
   (Kikubaaqudgha gifted it to you on level 6 of the Dungeon)

   Spells                             Type                      Level
   a - Pain                           Necromancy                   1
   b - Corpse Rot                     Necromancy                   2
   c - Sublimation of Blood           Necromancy                   2
   d - Vampiric Draining              Necromancy                   3
   e - Control Undead                 Necromancy                   4
 d - Kikubaaqudgha's Disquisition on Unholy Rituals
   (Kikubaaqudgha gifted it to you in a bailey)

   Spells                             Type                      Level
   a - Animate Dead                   Necromancy                   4
   b - Agony                          Necromancy                   5
   c - Dispel Undead                  Necromancy                   5
   d - Simulacrum                     Ice/Necromancy               6
   e - Death Channel                  Necromancy                   6
 r - a book of Geomancy

   Spells                             Type                      Level
   a - Sandblast                      Earth                        1
   b - Passwall                       Transmutation/Earth          2
   c - Stone Arrow                    Conjuration/Earth            3
   d - Petrify                        Transmutation/Earth          4
   e - Lee's Rapid Deconstruction     Earth                        5
Comestibles
 f - 13 bread rations
 h - 7 beef jerkies
 u - 4 meat rations
 z - 5 fruits
 X - 9 chunks of flesh


   Skills:
 + Level 10.3(9.8) Fighting
 + Level 11.2(11.4) Axes
 - Level 5.5(7.8) Maces & Flails
 + Level 7.6(7.1) Armour
 + Level 9.4(8.9) Shields
 + Level 5.4(4.9) Necromancy


You had 10 spell levels left.
You didn't know any spells.

Dungeon Overview and Level Annotations

Branches:
Dungeon (10/15)            Temple (1/1) D:5            Lair (0/8) D:10
    Orc (2/2) D:10
    Elf: Orc:2

Altars:
Ashenzari
Cheibriados
Dithmenos
Elyvilon
Fedhas
Gozag
Kikubaaqudgha
Makhleb
Nemelex Xobeh
Okawaru
Pakellas
Qazlal
Ru
Sif Muna
Trog
Vehumet
Xom
Yredelemnul
Zin
The Shining One

Shops:
D:5 [   D:10 %   Orc:1 %=

Annotations:
D:2 exclusion: oklob plant
D:8 ringo67's ghost, novice HOIE
Orc:2 jordan's ghost, journeyman DrTm


Message History

You block the orc warrior's attack.
The orc priest shouts, "Surrender to Beogh and we'll let you live!"
You feel better. The orc warrior hits you with a mace.
* * * LOW HITPOINT WARNING * * *
The orc warrior hits you but does no damage.
You slash the orc warrior!
The orc warrior writhes in agony.
You kill the orc warrior!
Kikubaaqudgha accepts your kill.
The orc warrior hits you from afar with a trident.
* * * LOW HITPOINT WARNING * * *
You feel better.
The orc priest hits you but does no damage.
You block the orc warrior's attack.
The orc warrior hits you but does no damage.
You closely miss the orc priest. You block the orc priest's attack.
The orc warrior hits you from afar with a glaive of distortion.
* * * LOW HITPOINT WARNING * * *
Space warps horribly around you!
You die...
Kikubaaqudgha rasps: "You have failed me!
Welcome... death!"

.. ...
###....
##..#....
#......#
###oo....#
#@ooo....#
###oo....#
####...#
.... ..


You could see 2 orc warriors, an orc priest and 4 orcs.

Vanquished Creatures
  A hill giant (D:10)
  An unseen horror (D:10)
  Pikel (D:4)
  2 centaur skeletons (D:10)
  A komodo dragon (D:10)
  A spriggan (D:7)
  6 yaks (D:9)
  2 wargs (Orc:1)
  2 water moccasins (D:6)
  Purgy (Sewer)
  9 orc warriors
  2 ice beasts (D:8)
  3 sky beasts
  2 phantoms
  4 ogres
  A black bear (D:9)
  5 centaurs
  A crocodile (D:10)
  4 big kobolds
  4 giant frogs
  A gnoll sergeant (D:6)
  4 killer bees (D:9)
  2 scorpions
  3 wights (D:6)
  3 howler monkeys
  A crimson imp (D:6)
  2 quasits (D:10)
  A giant frog zombie (D:10)
  A centaur zombie (D:9)
  A giant frog skeleton (D:4)
  A hound (D:4)
  6 orc priests
  2 jellies
  2 iguanas
  9 orc wizards
  10 worker ants
  2 worker ant zombies
  16 gnolls
  14 adders
  2 river rats (D:4)
  A shadow imp (D:6)
  An adder zombie (D:7)
  An adder skeleton (D:9)
  3 worms
  A dart slug (D:2)
  7 giant geckos
  56 orcs
  8 giant cockroaches
  32 goblins
  26 hobgoblins
  12 jackals
  5 quokkas
  6 ball pythons
  6 bats
  10 giant newts
  22 kobolds
  9 rats
342 creatures vanquished.

Vanquished Creatures (others)
  An orc (Orc:2)
  A quokka (D:4)
2 creatures vanquished.

Grand Total: 344 creatures vanquished

Notes
Turn   | Place    | Note
--------------------------------------------------------------
     0 | D:1      | ringo67 the Hill Orc Fighter began the quest for the Orb.
     0 | D:1      | Reached XP level 1. HP: 19/19 MP: 1/1
   382 | D:1      | Reached skill level 3 in Axes
   382 | D:1      | Reached XP level 2. HP: 26/27 MP: 2/2
   906 | D:1      | Reached XP level 3. HP: 22/33 MP: 3/3
  1176 | D:2      | Found a radiant altar of Vehumet.
  1179 | D:2      | Found a sacrificial altar of Ru.
  1193 | D:2      | Found a glowing silver altar of Zin.
  1198 | D:2      | Reached XP level 4. HP: 40/40 MP: 4/4
  1202 | D:2      | Found a glowing golden altar of the Shining One.
  1638 | D:2      | Found a blossoming altar of Fedhas.
  1660 | D:2      | Noticed an oklob plant
  1761 | D:2      | Reached skill level 4 in Axes
  2813 | D:3      | Reached XP level 5. HP: 43/47 MP: 5/5
  2837 | D:3      | Found an opulent altar of Gozag.
  3033 | D:4      | Found a glowing drain.
  3108 | Sewer    | Entered a sewer
  3200 | Sewer    | Noticed Purgy
  3220 | Sewer    | Killed Purgy
  3220 | Sewer    | Reached skill level 5 in Fighting
  3220 | Sewer    | Reached skill level 5 in Axes
  3220 | Sewer    | Reached XP level 6. HP: 34/56 MP: 6/6
  3570 | D:4      | Noticed a slave
  3572 | D:4      | Noticed Pikel
  3576 | D:4      | Noticed a slave
  3604 | D:5      | Entered Level 5 of the Dungeon
  3635 | D:5      | Reached skill level 6 in Axes
  3810 | D:5      | Found a shadowy altar of Dithmenos.
  3871 | D:5      | Reached XP level 7. HP: 48/61 MP: 7/7
  4058 | D:5      | Found a staircase to the Ecumenical Temple.
  4068 | Temple   | Entered the Ecumenical Temple
  4256 | D:5      | Found a deep blue altar of Sif Muna.
  4517 | D:5      | Found Mowajec's Antique Armour Emporium.
  4796 | D:5      | Reached skill level 5 in Armour
  5032 | D:4      | Found an oddly glowing altar of Pakellas.
  5032 | D:4      | Found an ancient bone altar of Kikubaaqudgha.
  5037 | D:4      | Became a worshipper of Kikubaaqudgha
  5049 | D:4      | Reached skill level 7 in Axes
  5049 | D:4      | Reached skill level 5 in Shields
  5191 | D:4      | Found a shimmering altar of Xom.
  5275 | D:4      | Killed Pikel
  5275 | D:4      | Reached skill level 8 in Axes
  5275 | D:4      | Reached XP level 8. HP: 55/71 MP: 8/8
  5847 | D:6      | Found a burning altar of Makhleb.
  5899 | D:6      | Reached skill level 9 in Axes
  6319 | D:6      | Reached skill level 1 in Maces & Flails
  6678 | D:6      | Reached XP level 9. HP: 79/79 MP: 9/9
  7004 | D:6      | Got a twisted shield
  7007 | D:6      | Identified the +4 shield of Defence {Stlth+} (You took it off an orc on level 6 of the Dungeon)
  7116 | D:6      | Reached * piety under Kikubaaqudgha
  7116 | D:6      | Received a gift from Kikubaaqudgha
  7119 | D:6      | Identified Kikubaaqudgha's Collected Works on Stolen Souls (Kikubaaqudgha gifted it to you on level 6 of the Dungeon)
  7197 | D:6      | Noticed a two-headed ogre
  7327 | D:7      | Found a blossoming altar of Fedhas.
  7512 | D:7      | Found a stormy altar of Qazlal.
  7650 | D:7      | Reached skill level 5 in Maces & Flails
  7919 | D:7      | Reached skill level 1 in Necromancy
  8315 | D:7      | Reached ** piety under Kikubaaqudgha
  8515 | D:8      | Found a flagged portal.
  8536 | Bailey   | Entered a bailey
  8821 | Bailey   | Reached *** piety under Kikubaaqudgha
  8821 | Bailey   | Received a gift from Kikubaaqudgha
  9091 | Bailey   | Identified Kikubaaqudgha's Disquisition on Unholy Rituals (Kikubaaqudgha gifted it to you in a bailey)
  9297 | Bailey   | Noticed an orc knight
  9297 | Bailey   | Noticed an orc warlord
  9297 | Bailey   | Noticed an orc knight
  9402 | Bailey   | HP: 4/82 [orc warrior/war axe (8)]
  9494 | D:8      | Noticed ringo67's ghost (novice HOIE)
 10487 | D:8      | Reached **** piety under Kikubaaqudgha
 10662 | D:8      | Reached XP level 10. HP: 90/90 MP: 10/10
 10987 | D:9      | Found a shattered altar of Ashenzari.
 10997 | D:9      | Found a snail-covered altar of Cheibriados.
 11580 | D:9      | Reached skill level 10 in Axes
 12477 | D:10     | Entered Level 10 of the Dungeon
 12982 | D:10     | Found a staircase to the Lair.
 12994 | D:10     | Found a shadowy altar of Dithmenos.
 12994 | D:10     | Noticed a hill giant
 13030 | D:10     | Killed a hill giant
 13280 | D:10     | Reached XP level 11. HP: 97/99 MP: 11/11
 13359 | D:10     | Found Ickud's Food Shop.
 13386 | D:10     | Reached skill level 10 in Fighting
 13570 | D:10     | Reached skill level 5 in Necromancy
 13579 | D:10     | Reached ***** piety under Kikubaaqudgha
 13579 | D:10     | Reached skill level 11 in Axes
 13735 | D:10     | Killed an unseen horror
 13950 | D:10     | Found a staircase to the Orcish Mines.
 15073 | Orc:1    | Entered Level 1 of the Orcish Mines
 15085 | Orc:1    | Found Leplanoe's Jewellery Shop.
 15216 | Orc:1    | Noticed an orc high priest
 15240 | Orc:1    | Found Woaxuosu's Food Shop.
 15263 | Orc:2    | Entered Level 2 of the Orcish Mines
 15271 | Orc:2    | Noticed jordan's ghost (journeyman DrTm)
 15331 | Orc:2    | HP: 2/101 [orc warrior/mace (17)]
 15335 | Orc:2    | Slain by an orc warrior

Skill      XL: |  1  2  3  4  5  6  7  8  9 10 11 |
---------------+----------------------------------+-----
Axes           | 3 4 5 6 8 9 10 11 | 11.2
Fighting       | 4 5 6 7 8 9 10 | 10.3
Armour         | 4 5 7 |  7.6
Shields        | 4 5 6 7 9 |  9.4
Maces & Flails | 3 5 |  5.5
Necromancy     | 2 4 5 |  5.4

Action                   |  1- 3 |  4- 6 |  7- 9 | 10-12 || total
-------------------------+-------+-------+-------+-------++-------
Melee: War axe           |    86 |   242 |   387 |   407 ||  1122
       Morningstar       |       |       |   274 |    29 ||   303
Throw: Stone             |       |     4 |     1 |       ||     5
       Tomahawk          |       |       |       |     2 ||     2
Evoke: Wand              |       |       |     2 |       ||     2
  Use: Potion            |       |     1 |     1 |     3 ||     5
       Scroll            |       |       |    21 |    11 ||    32
  Eat: Chunk             |     1 |     9 |    13 |     8 ||    31
       Royal jelly       |       |       |     1 |       ||     1
       Pizza             |       |       |     3 |       ||     3
       Fruit             |       |       |     1 |       ||     1
       Meat ration       |       |       |     1 |     1 ||     2
Armor: Scale mail        |    16 |       |       |       ||    16
       Chain mail        |    13 |   146 |   216 |       ||   375
       Plate armour      |       |       |       |   199 ||   199
Dodge: Dodged            |    18 |    48 |   102 |    51 ||   219
Block: Shield            |    44 |   129 |   343 |   298 ||   814
